 Seeded DCSS version 0.28-a0-1415-g7c84da036a (webtiles) character file.

Game seed: 20220107 (custom seed)

192477 flotson the Fighter (level 18, -1/146 HPs)
             Began as a Demonspawn Gladiator on Jan 7, 2022.
             Was an Initiate of Gozag.
             Slain by Mara (illusionary) (5 damage)
             ... on level 3 of the Swamp.
             The game lasted 01:23:27 (43486 turns).

flotson the Fighter (Demonspawn Gladiator)         Turns: 43486, Time: 01:23:27

Health: -1/146     AC: 35    Str: 27    XL:     18   Next: 4%
Magic:  0/18       EV: 21    Int:  9    God:    Gozag
Gold:   3184       SH:  0    Dex: 25    Spells: 17/17 levels left

rFire   + + +      SeeInvis .   a - +7 pair of quick blades "Gyre" and "Gimble" {protect}
rCold   . . .      Faith    .   (shield currently unavailable)
rNeg    . . .      Spirit   +   T - +11 plate armour of the Nexus {*Slow rF+++ Dex+4 Stlth+}
rPois   +          Reflect  .   J - +2 hood of the Assassin {Detection Stab+ Stlth++}
rElec   .          Harm     .   r - +2 cloak of the Maze {Int+3}
rCorr   .          Rampage  .   (gloves unavailable)
Will    +....                   y - +2 pair of boots {Stlth+}
Stlth   +++.......              Q - amulet of guardian spirit
HPRegen 0.34/turn               F - ring "Otem" {Str+6 Int-5 Dex+6}
MPRegen 0.16/turn               n - ring of poison resistance

@: slowed, repel missiles, very slow
A: claws 3, repulsion field 3, ignite blood 3, powered by death 1
a: Renounce Religion, Potion Petition, Call Merchant, Bribe Branch


You were on level 3 of the Swamp.
You worshipped Gozag.
Gozag was most pleased with you.
You visited 6 branches of the dungeon, and saw 30 of its levels.
You visited the Abyss 1 time.
You also visited: Gauntlet.

You collected 11018 gold pieces.
You spent 5004 gold pieces at shops.
You paid 2830 gold pieces to Gozag.

Inventory:

Hand Weapons
 a - the +7 pair of quick blades "Gyre" and "Gimble" (weapon) {protect}
   (You found it on level 3 of the Lair of Beasts)

   It grants its wielder temporary protection when it strikes (+7 to AC).
 b - the +5 sword of Power {vorpal}
   (You took it off a deep elf pyromancer on level 3 of the Elven Halls)

   It inflicts extra damage upon your enemies.
   It occasionally discharges a powerful but inaccurate bolt of energy upon
   striking a foe, with increased chance the greater the wielder's current
   health.
Missiles
 k - 3 atropa-tipped darts
 B - 4 curare-tipped darts
 D - 9 throwing nets
 I - 8 silver javelins (quivered)
Armour
 r - the +2 cloak of the Maze (worn) {Int+3}
   (You found it in a Gauntlet)

   Int:       It affects your intelligence (+3).
 y - a +2 pair of boots of stealth (worn)
 z - a +0 cloak of preservation
 J - the +2 hood of the Assassin (worn) {Detection Stab+ Stlth++}
   (You found it on level 3 of the Lair of Beasts)

   It allows the wearer to sense nearby creatures.
   It allows the wearer to make particularly effective stabbing attacks against
   helpless or unaware enemies with any weapon.
   Stlth:     It makes you much more stealthy.
 T - the +11 plate armour of the Nexus (worn) {*Slow rF+++ Dex+4 Stlth+}
   (You bought it in a shop on level 2 of the Orcish Mines)

   Dex:       It affects your dexterity (+4).
   rF:        It renders you almost immune to fire.
   *Slow:     It may slow you when you take damage.
   Stlth:     It makes you more stealthy.
Jewellery
 g - a +4 ring of slaying
 n - a ring of poison resistance (right claw)
 F - the ring "Otem" (left claw) {Str+6 Int-5 Dex+6}
   (You bought it in a shop on level 2 of the Orcish Mines)

   [ring of strength]

   Str:       It affects your strength (+6).
   Int:       It affects your intelligence (-5).
   Dex:       It affects your dexterity (+6).
 G - an amulet of reflection
 Q - an amulet of guardian spirit (around neck)
 R - a ring of willpower
 S - a ring of protection from cold
Wands
 c - a wand of paralysis (22)
 u - a wand of polymorph (19)
 C - a wand of digging (6)
 H - a wand of charming (14)
 N - a wand of acid (8)
 P - a wand of flame (15)
 W - a wand of iceblast (6)
Scrolls
 d - 8 scrolls of immolation
 e - 2 scrolls of silence
 h - 4 scrolls of vulnerability
 j - 7 scrolls of fear
 m - 6 scrolls of summoning
 q - 2 scrolls of torment
 t - 3 scrolls of holy word
 A - 12 scrolls of teleportation
 E - 4 scrolls of magic mapping
 L - 5 scrolls of fog
 V - a scroll of blinking
 Z - 8 scrolls of identify
Potions
 f - 4 potions of cancellation
 i - 4 potions of might
 o - 12 potions of curing
 p - 9 potions of heal wounds
 s - 5 potions of attraction
 v - 6 potions of lignification
 w - 4 potions of flight
 M - a potion of haste {unknown}
 X - a potion of invisibility
Miscellaneous
 l - a phantom mirror
 x - a phial of floods
 K - a box of beasts
 O - a tin of tremorstones (2/2)
 Y - a piece from Xom's chessboard (15/15)


   Skills:
 + Level 14.1 Fighting
 - Level 8.0 Short Blades
 - Level 0.5(5.0) Long Blades
 - Level 8.2 Axes
 + Level 12.2 Throwing
 + Level 12.8 Armour
 + Level 13.1 Dodging
 + Level 11.1 Stealth
 + Level 12.4 Evocations


You had 17 spell levels left.
You didn't know any spells.
Your spell library contained the following spells:

 Spells                   Type           Power      Damage    Failure   Level
 Animate Skeleton         Necr           0%         N/A       96%         1
 Apportation              Tloc           0%         N/A       96%         1
 Foxfire                  Conj/Fire      0%         2x1d4     96%         1
 Magic Dart               Conj           0%         1d3       96%         1
 Shock                    Conj/Air       0%         1d3       96%         1
 Summon Small Mammal      Summ           0%         N/A       96%         1
 Call Imp                 Summ           0%         N/A       99%         2
 Corpse Rot               Necr/Air       0%         N/A       99%         2
 Ensorcelled Hibernation  Hex/Ice        0%         N/A       99%         2
 Poisonous Vapours        Pois/Air       0%         N/A       99%         2
 Searing Ray              Conj           0%         2d4       99%         2
 Sublimation of Blood     Necr           0%         N/A       99%         2
 Wereblood                Tmut           0%         N/A       99%         2
 Conjure Flame            Conj/Fire      0%         6-21      100%        3
 Dazzling Flash           Conj/Hex       0%         N/A       100%        3
 Inner Flame              Hex/Fire       0%         N/A       100%        3
 Mephitic Cloud           Conj/Pois/Air  0%         N/A       100%        3
 Ozocubu's Armour         Ice            0%         N/A       100%        3
 Spider Form              Tmut/Pois      0%         N/A       100%        3
 Stone Arrow              Conj/Erth      0%         3d7       100%        3
 Swiftness                Air            0%         N/A       100%        3
 Tukima's Dance           Hex            0%         N/A       100%        3
 Airstrike                Air            0%         N/A       100%        4
 Animate Armour           Summ/Erth      0%         N/A       100%        4
 Flame Wave               Conj/Fire      0%         2d4       100%        4
 Hailstorm                Conj/Ice       0%         3d3       100%        4
 Iskenderun's Mystic Bla  Conj/Tloc      0%         2d3       100%        4
 Leda's Liquefaction      Hex/Erth       0%         N/A       100%        4
 Blade Hands              Tmut           0%         N/A       100%        5
 Fireball                 Conj/Fire      0%         3d3       100%        5
 Irradiate                Conj/Tmut      0%         3d13      100%        5
 Iskenderun's Battlesphe  Conj           0%         2d6       100%        5
 Lee's Rapid Deconstruct  Erth           0%         3d5*      100%        5
 Summon Forest            Summ/Tloc      0%         N/A       100%        5
 Eringya's Noxious Bog    Tmut/Pois      0%         N/A       100%        6
 Iron Shot                Conj/Erth      0%         9d1       100%        6
 Starburst                Conj/Fire      0%         6d3       100%        6
 Statue Form              Tmut/Erth      0%         N/A       100%        6
 Dragon Form              Tmut           0%         N/A       100%        7
 Enfeeble                 Hex            0%         N/A       100%        7
 Ozocubu's Refrigeration  Ice            0%         4d5       100%        7
 Spellforged Servitor     Conj/Summ      0%         N/A       100%        7
 Summon Hydra             Summ           0%         N/A       100%        7
 Borgnjor's Revivificati  Necr           0%         N/A       100%        8
 Lehudib's Crystal Spear  Conj/Erth      0%         10d2      100%        8
 Necromutation            Tmut/Necr      0%         N/A       100%        8
 Death's Door             Necr           0%         N/A       100%        9
 Shatter                  Erth           0%         3d5*      100%        9


Dungeon Overview and Level Annotations

Branches:
Dungeon (15/15)            Temple (1/1) D:7            Lair (6/6) D:11
  Swamp (3/4) Lair:3       Spider (0/4) Lair:4        Slime (0/5) Lair:5
    Orc (2/2) D:10            Elf (3/3) Orc:2        Vaults (0/5) D:14
 Depths (0/4) D:15        Gauntlet (visited)

Altars:
Ashenzari
Cheibriados
Dithmenos
Elyvilon
Fedhas
Gozag
Hepliaklqana
Kikubaaqudgha
Makhleb
Nemelex Xobeh
Okawaru
Qazlal
Ru
Sif Muna
Trog
Uskayaw
Vehumet
Wu Jian
Xom
Yredelemnul
Zin
The Shining One
Beogh
Jiyva
Lugonu

Shops:
D:8 =   D:9 =   Orc:1 *   Orc:2 =[(*?   Elf:3 [[[

Portals:
Abyss: Elf:1

Annotations:
D:3 flotson's ghost, amateur DsGl
Swamp:3 Mara


Innate Abilities, Weirdness & Mutations

You have claws for hands.
You are surrounded by a strong repulsion field. (EV +4, RMsl)
Your demonic aura causes all spilled blood to erupt in flames.
You regenerate a little health from kills.


Message History

Flotson's illusion hits you.
Mara splashes around in the water.
Mara blinks!
Mara gestures at you. The bolt of fire misses you.
Flotson's illusion hits you but does no damage.
Mara is engulfed in blazing flames.
Mara splashes around in the water.
Flotson's illusion hits you but does no damage.
Mara gestures at you.
The bolt of fire hits Mara!
Mara resists.
The bolt of fire misses you.
The mangrove smoulders and burns.
Flotson's illusion barely misses you.
Unknown command.
The +7 pair of quick blades "Gyre" and "Gimble" {protect} hums with potential!
a - the +7 pair of quick blades "Gyre" and "Gimble" (weapon)
{protect} Mara blinks!
You enter the shallow water.
Moving in this stuff is going to be slow.
Mara hits you with a +1 demon whip of venom.
Mara hits you with a +1 demon whip of venom!
* * * LOW HITPOINT WARNING * * *
You are poisoned.
Mara gestures at you.
The bolt of fire hits Mara!
Mara resists.
The bolt of fire misses you. Flotson's illusion closely misses you.
Mara closely misses you.
You see here 8 gold pieces.
You feel better.
Mara is engulfed in blazing flames.
Mara blinks!
Mara hits you with a +1 demon whip of venom.
* * * LOW HITPOINT WARNING * * *
Flotson's illusion hits you!
* * * LOW HITPOINT WARNING * * *
x2 Unknown command.
Mara is engulfed in blazing flames.
Mara hits you with a +1 demon whip of venom!
* * * LOW HITPOINT WARNING * * *
Mara gestures.
Mara barely misses you.
Mara hits you with a +1 demon whip of venom!
* * * LOW HITPOINT WARNING * * *
Mara splashes around in the water.
Mara blinks!
Mara hits you with a +1 demon whip of venom.
You die...
Your body crumbles into a pile of gold.

.♣♣ ♣.≈..♣♣ ♣♣<≈♣♣ ♣.♣
♣♣≈§§.♣♣♣♣♣≈≈≈♣♣ ≈♣♣
♣♣.≈...♣≈≈.>≈≈..♣ ♣♣
♣♣♣...§≈♣≈.≈♣..≈≈(♣ ♣♣♣
♣♣.≈≈..>.≈≈≈§≈≈§≈§.♣
.≈♣♣♣♣≈.≈.§♣♣≈≈..≈..≈§..♣
≈≈.♣....≈≈≈.≈≈≈§≈.§≈§≈♣§♣
.....≈≈.≈>≈§§≈≈≈..≈≈≈≈≈.♣
.≈≈≈.≈≈...≈.≈..≈@R≈<§≈≈.♣
....≈≈≈≈≈.≈.≈§≈≈@R$♣≈≈♣.♣♣
≈≈≈♣≈.....♣≈≈≈.§..♣♣≈.≈≈.♣
.≈.≈≈.♣♣≈≈(≈≈§♣○.≈≈♣♣.≈♣≈♣
≈≈.≈♣.≈≈♣≈≈.≈.♣♣§..♣.≈≈≈≈♣♣♣
.≈§.≈≈≈§.§..≈......≈♣...≈≈.♣♣
♣♣..≈≈≈..♣♣......≈.§♣...≈.≈≈♣
≈≈≈.♣ ♣...#'#≈≈≈♣♣..♣..♣♣
♣≈..#...♣♣.♣♣.♣...♣


You could see 2 Maras and flotson's illusion (slow).

Vanquished Creatures
  Saint Roka (Orc:1)
  Rupert (D:13)
  2 deep elf blademasters (Elf:3)
  2 deep elf master archers (Elf:3)
  5 deep elf elementalists
  5 deep elf sorcerers (Elf:3)
  Nessos (D:14)
  A starcursed mass (Abyss:2)
  3 deep elf demonologists (Elf:3)
  3 eleionomae
  The ghost of Archem the Fighter, a journeyman OgTm of Ashenzari (Lair:3)
  8 deep elf annihilators (Elf:3)
  Azrael (Elf:2)
  2 minotaurs
  2 bunyips
  10 deep elf death magi (Elf:3)
  A deep elf high priest (Elf:3)
  4 boulder beetles
  Fannar (D:10)
  Harold (Orc:1)
  4 catoblepae
  7 centaur warriors
  Erica (Orc:2)
  14 hydras
  An anaconda (Orc:2)
  3 alligators
  A tengu warrior (D:14)
  10 death yaks
  A two-headed ogre (D:10)
  A deep troll shaman (Lair:6)
  2 orc high priests (Orc:2)
  A vampire mage (D:15)
  Urug (D:11)
  18 deep elf knights
  6 skeletal warriors
  A spriggan druid (Swamp:3)
  3 death drakes
  2 goliath frogs
  11 deep elf archers
  2 bog bodies (Swamp:3)
  A tengu zombie (D:15)
  A wizard (D:14)
  A wolf spider zombie (Gauntlet)
  An orb spider (Lair:4)
  A spectral wolf spider (Gauntlet)
  A lindwurm (shapeshifter) (Elf:1)
  2 swamp dragons (Swamp:2)
  20 deep elf pyromancers
  4 oklob plants (Lair:3)
  8 orc knights
  A necromancer (D:15)
  9 orc sorcerers
  7 cyclopes
  18 deep elf zephyrmancers
  An iron dragon zombie (D:15)
  A stone giant zombie (D:15)
  7 ugly things
  3 will-o-the-wisps
  3 manticores
  Maurice (D:13)
  5 black mambas
  15 elephants
  A black mamba (shapeshifter) (Elf:1)
  4 molten gargoyles (D:14)
  A spectral centaur (Gauntlet)
  The ghost of RepHenryClay the Ducker, a novice GnMo (D:4)
  Psyche (D:11)
  13 cane toads
  2 torpor snails
  Maggie (D:6)
  A gargoyle (D:13)
  6 rime drakes
  A kobold demonologist (D:11)
  A yaktaur (D:15)
  A komodo dragon (shapeshifter) (D:15)
  2 efreet
  A freezing wraith (D:14)
  A tengu conjurer (D:14)
  2 komodo dragons
  2 trolls
  2 bloated husks (Swamp:1)
  2 polar bears (Lair:4)
  A spriggan zombie (D:15)
  8 tyrant leeches
  4 dream sheep (Lair:5)
  A blink frog (shapeshifter) (Elf:1)
  5 blink frogs
  10 slime creatures
  3 raiju
  A slime creature (shapeshifter) (D:11)
  5 centaur simulacra
  3 air elementals
  6 flying skulls (Gauntlet)
  2 water elementals (Elf:1)
  3 spriggans (Swamp:3)
  3 shadows
  10 fire elementals
  43 yaks
  A steam dragon (D:7)
  A wyvern (Lair:5)
  2 basilisks
  A neqoxec (Abyss:2)
  15 humans
  12 vampire mosquitoes
  7 swamp worms
  3 wargs
  18 water moccasins
  A large abomination (Abyss:2)
  An acid dragon (D:8)
  A hell hound (Elf:2)
  Duvessa (D:5)
  26 orc warriors
  6 swamp drakes
  7 black bears
  A sky beast (D:7)
  A hornet zombie (D:8)
  A necrophage (D:6)
  2 ogres
  A small abomination (Abyss:2)
  22 wolves
  10 centaurs
  5 kobold brigands
  2 phantoms
  3 gnoll sergeants
  3 scorpions
  12 bullfrogs
  2 earth elementals (Elf:2)
  A hornet simulacrum (D:15)
  A cane toad simulacrum (Gauntlet)
  Dowan (D:5)
  3 wights (D:7)
  2 killer bees (D:9)
  2 electric eels
  2 centaur zombies
  4 crimson imps (D:5)
  A bullfrog zombie (D:6)
  A centaur skeleton (D:6)
  4 hounds
  17 orc priests
  A scorpion zombie (D:5)
  4 iguanas
  Natasha (thrice) (D:3)
  22 orc wizards
  A hound skeleton (D:4)
  A howler monkey zombie (D:9)
  14 gnolls
  A howler monkey skeleton (D:6)
  7 adders
  A white imp (D:6)
  5 worms
  A dart slug (D:3)
  73 orcs
  5 bats
  11 endoplasms
  A giant cockroach (D:1)
  8 goblins
  7 hobgoblins
  4 jackals (D:1)
  19 kobolds
  3 quokkas
  5 ball pythons
  4 frilled lizards
  5 rats
  2 lurking horrors (Elf:1)
825 creatures vanquished.

Vanquished Creatures (collateral kills)
  2 yaks
  A kobold brigand (D:11)
  An orc priest (D:10)
4 creatures vanquished.

Vanquished Creatures (others)
  37 dancing weapons
  2 deep elf knights
  A goliath frog (Swamp:1)
  3 bloated husks
  An air elemental (Elf:1)
  A human (D:14)
  A vampire mosquito (Swamp:1)
  A killer bee (D:9)
  An orc (Orc:1)
  A kobold (D:11)
  4 bushes
  6 foxfires (Swamp:3)
  78 fungi
  113 plants
  3 withered plants
253 creatures vanquished.

Grand Total: 1082 creatures vanquished

Notes
Turn   | Place    | Note
-------+----------+-------------------------------------------
     0 | D:1      | flotson the Demonspawn Gladiator began the quest for the
                  | Orb.
     0 | D:1      | Reached XP level 1. HP: 16/16 MP: 1/1
   129 | D:1      | Gained mutation: Your demonic aura sometimes causes spilled
                  | blood to erupt in flames. [demonic ancestry]
   129 | D:1      | Reached XP level 2. HP: 22/22 MP: 2/2
   381 | D:1      | Found a faded altar of an unknown god.
   386 | D:1      | Gained mutation: You regenerate a little health from kills.
                  | [demonic ancestry]
   386 | D:1      | Reached XP level 3. HP: 28/28 MP: 3/3
   395 | D:1      | Reached skill level 1 in Armour
   945 | D:2      | Found a snail-covered altar of Cheibriados.
  1678 | D:3      | Reached XP level 4. HP: 34/34 MP: 4/4
  1721 | D:3      | Gained mutation: Your demonic aura often causes spilled
                  | blood to erupt in flames. [demonic ancestry]
  1721 | D:3      | Reached XP level 5. HP: 15/40 MP: 5/5
  1980 | D:3      | Noticed flotson's ghost (amateur DsGl)
  2084 | D:3      | Noticed Natasha
  2093 | D:3      | Killed Natasha
  2094 | D:3      | Reached skill level 3 in Fighting
  2368 | D:3      | Found a runed translucent door.
  2480 | D:3      | Noticed Natasha
  2488 | D:3      | Killed Natasha
  2532 | D:3      | Noticed Natasha
  2546 | D:3      | Killed Natasha
  2547 | D:3      | Reached XP level 6. HP: 47/47 MP: 6/6
  3659 | D:4      | Found a runed translucent door.
  3662 | D:4      | Noticed RepHenryClay's ghost (novice GnMo)
  3967 | D:4      | Found an iron altar of Okawaru.
  4315 | D:4      | Gained mutation: You are surrounded by a mild repulsion
                  | field. (EV +2) [demonic ancestry]
  4315 | D:4      | Reached XP level 7. HP: 34/53 MP: 7/7
  4710 | D:5      | Entered Level 5 of the Dungeon
  4829 | D:5      | HP: 1/53 [something/magic dart (6)]
  4835 | D:5      | Reached skill level 4 in Fighting
  5145 | D:5      | Noticed Dowan
  5149 | D:5      | Noticed Duvessa
  5635 | D:5      | Found a shimmering altar of Xom.
  5852 | D:5      | Killed Duvessa
  5853 | D:5      | Gained mutation: Your demonic aura causes all spilled blood
                  | to erupt in flames. [demonic ancestry]
  5853 | D:5      | Reached XP level 8. HP: 52/61 MP: 8/8
  5868 | D:5      | Killed Dowan
  6658 | D:6      | Reached skill level 5 in Axes
  6658 | D:6      | Reached skill level 5 in Dodging
  6826 | D:6      | Reached skill level 5 in Fighting
  7005 | D:6      | Reached skill level 1 in Evocations
  7248 | D:6      | Noticed Maggie
  7258 | D:6      | Killed Maggie
  7432 | D:6      | Found a basalt altar of Yredelemnul.
  7837 | D:7      | Found a bloodstained altar of Trog.
  7863 | D:7      | Reached XP level 9. HP: 34/68 MP: 9/9
  7865 | D:7      | Reached skill level 5 in Throwing
  8588 | D:7      | Found a sparkling altar of Nemelex Xobeh.
  8835 | D:7      | Found a staircase to the Ecumenical Temple.
  8844 | Temple   | Entered the Ecumenical Temple
  8963 | Temple   | Became a worshipper of Gozag Ym Sagoz the Greedy
  9083 | D:8      | Found Daxkeru's Jewellery Boutique.
  9129 | D:8      | Found a hazy altar of Hepliaklqana.
  9267 | D:8      | Reached skill level 5 in Armour
  9456 | D:8      | Found a sacrificial altar of Ru.
  9466 | D:8      | Reached skill level 6 in Fighting
  9554 | D:8      | Found a blossoming altar of Fedhas.
  9847 | D:8      | Found a shadowy altar of Dithmenos.
 10021 | D:9      | Found a flagged portal.
 10051 | D:9      | You fall into a shaft and drop 2 floors!
 10375 | D:11     | Noticed Urug
 10396 | D:11     | Killed Urug
 10397 | D:11     | Reached XP level 10. HP: 26/77 MP: 10/10
 10554 | D:11     | Noticed a four-headed hydra
 10561 | D:11     | Killed a four-headed hydra
 10612 | D:11     | Reached skill level 7 in Fighting
 10639 | D:11     | Found a staircase to the Lair.
 10645 | D:11     | Noticed a cyclops
 10673 | D:10     | Entered Level 10 of the Dungeon
 10941 | D:10     | Noticed a two-headed ogre
 11080 | D:9      | Found Okueplez's Jewellery Shoppe.
 11132 | D:9      | Found a stormy altar of Qazlal.
 11943 | D:10     | Killed a two-headed ogre
 11944 | D:10     | Reached skill level 5 in Evocations
 12089 | D:10     | Found a staircase to the Orcish Mines.
 12093 | D:10     | Identified the +5 halberd of Enuuzoul {vorpal, rElec Dex+4
                  | Stlth+}
 12130 | D:10     | Noticed Fannar
 12137 | D:10     | Killed Fannar
 12356 | D:10     | Gained mutation: You have sharp fingernails. [demonic
                  | ancestry]
 12356 | D:10     | Reached XP level 11. HP: 84/84 MP: 11/11
 13384 | D:11     | Noticed a steelbarb worm
 13407 | D:11     | a steelbarb worm changed into a slime creature
 13762 | D:11     | Noticed Psyche
 13866 | D:11     | Killed Psyche
 13980 | Lair:1   | Entered Level 1 of the Lair of Beasts
 13991 | Lair:1   | Reached skill level 8 in Fighting
 14684 | Lair:1   | Noticed a seven-headed hydra
 14688 | Lair:1   | Killed a seven-headed hydra
 15281 | Lair:2   | Identified the +9 dagger of Risk Management {flame, Fragile
                  | rN++ Str+3}
 15350 | Lair:2   | Noticed a seven-headed hydra
 15353 | Lair:2   | Killed a seven-headed hydra
 15386 | Lair:2   | Gained mutation: You are surrounded by a moderate repulsion
                  | field. (EV +3) [demonic ancestry]
 15386 | Lair:2   | Reached XP level 12. HP: 94/94 MP: 12/12
 16025 | Lair:3   | Found the +7 pair of quick blades "Gyre" and "Gimble"
                  | {protect}
 16025 | Lair:3   | Noticed Archem's ghost (journeyman OgTm)
 16029 | Lair:3   | Noticed a minotaur
 16043 | Lair:3   | Found the +2 hood of the Assassin {Detection Stab+ Stlth++}
 16068 | Lair:3   | Found a runed translucent gate.
 16068 | Lair:3   | Found a runed translucent gate.
 16068 | Lair:3   | Found a runed translucent gate.
 16146 | Lair:3   | Killed Archem's ghost
 16342 | Lair:3   | Killed a minotaur
 16343 | Lair:3   | Reached skill level 9 in Fighting
 16815 | Lair:3   | Reached skill level 1 in Short Blades
 17036 | Lair:3   | Reached skill level 1 in Stealth
 17081 | Lair:3   | Found a staircase to the Swamp.
 17864 | Lair:4   | Noticed a boulder beetle
 18007 | Lair:4   | Noticed a death yak
 18029 | Lair:4   | Killed a death yak
 18179 | Lair:4   | Killed a boulder beetle
 18495 | Lair:4   | Noticed a boulder beetle
 18516 | Lair:4   | Killed a boulder beetle
 18709 | Lair:4   | Noticed a four-headed hydra
 18710 | Lair:4   | Found a hole to the Spider Nest.
 18716 | Lair:4   | Killed a four-headed hydra
 18717 | Lair:4   | Reached XP level 13. HP: 101/101 MP: 13/13
 19419 | Lair:5   | Identified the +8 falchion of the Rattlesnake {freeze,
                  | rF+++ Int+4 Dex-5}
 19422 | Lair:5   | Identified the +2 ring mail of Cacaatzo {Fly rPois Int+3}
 19658 | Lair:5   | Reached skill level 10 in Fighting
 20038 | Lair:5   | Found a viscous altar of Jiyva.
 20185 | Lair:5   | You fall into a shaft and drop 1 floor!
 20185 | Lair:6   | Entered Level 6 of the Lair of Beasts
 20368 | Lair:5   | Found a staircase to the Slime Pits.
 21099 | Lair:6   | Reached skill level 5 in Stealth
 21389 | Lair:6   | Gained mutation: You are surrounded by a strong repulsion
                  | field. (EV +4, RMsl) [demonic ancestry]
 21389 | Lair:6   | Reached XP level 14. HP: 111/111 MP: 14/14
 21505 | Lair:6   | Reached skill level 5 in Short Blades
 22327 | Lair:3   | Reached skill level 10 in Dodging
 22386 | Lair:3   | Identified the +9 spear "Xowkef" {venom, Int+3 Dex+3}
 22732 | D:4      | Killed RepHenryClay's ghost
 22864 | Orc:1    | Entered Level 1 of the Orcish Mines
 22869 | Orc:1    | Noticed Harold
 22875 | Orc:1    | Killed Harold
 23146 | Orc:2    | Entered Level 2 of the Orcish Mines
 23305 | Orc:2    | Found Synuabe's Magic Scroll Shop.
 23314 | Orc:2    | Found a staircase to the Elven Halls.
 23341 | Orc:2    | Reached skill level 10 in Throwing
 23351 | Orc:2    | Noticed Saint Roka
 23366 | Orc:2    | Paralysed by an orc sorcerer for 2 turns
 23387 | Orc:2    | Paralysed by an orc sorcerer for 7 turns
 23399 | Orc:2    | Paralysed by an orc sorcerer for 4 turns
 24133 | Orc:1    | Killed Saint Roka
 24576 | Orc:2    | Bought a scroll of identify for 34 gold pieces
 24576 | Orc:2    | Bought a scroll of identify for 34 gold pieces
 24752 | Orc:2    | Found Poecsy's Assorted Antiques.
 24782 | Orc:2    | Reached skill level 11 in Fighting
 24842 | Orc:2    | Reached skill level 10 in Evocations
 24973 | Orc:2    | Found Nubessag's Jewellery Shop.
 24974 | Orc:2    | Found Aston's Antique Weapon Shoppe.
 24974 | Orc:2    | Found Myahuah's Antique Armour Shoppe.
 25430 | Orc:1    | Noticed Erica
 25446 | Orc:2    | Killed Erica
 25447 | Orc:2    | Reached skill level 10 in Armour
 25454 | Orc:1    | Paralysed by an orc sorcerer for 6 turns
 25503 | Orc:1    | Found Woguoh Raqe's General Store.
 26730 | D:13     | Gained mutation: You have very sharp fingernails. [demonic
                  | ancestry]
 26730 | D:13     | Reached XP level 15. HP: 98/119 MP: 11/15
 26773 | D:13     | Found a gate leading to a gauntlet.
 26780 | Gauntlet | Entered a Gauntlet
 26780 | Gauntlet | Found a transporter.
 26789 | Gauntlet | Found a transporter.
 26792 | Gauntlet | Found a transporter.
 26793 | Gauntlet | Found a transporter.
 26804 | Gauntlet | Found a transporter.
 26805 | Gauntlet | Found a transporter.
 26806 | Gauntlet | Found a transporter.
 26809 | Gauntlet | Found a runed translucent door.
 26811 | Gauntlet | Found a runed translucent door.
 26813 | Gauntlet | Found a transporter.
 26816 | Gauntlet | Found a transporter.
 26817 | Gauntlet | Found a transporter.
 26828 | Gauntlet | Found a transporter.
 26829 | Gauntlet | Found a transporter.
 26830 | Gauntlet | Found a transporter.
 26845 | Gauntlet | Found a transporter.
 27143 | Gauntlet | Identified the +2 cloak of the Maze {Int+3}
 27760 | Gauntlet | Identified the +3 falchion "Foppodurch" {pain, Drain *Slow
                  | rPois rF+++}
 27775 | Gauntlet | Got the Papyrus of Battle Magic
 28049 | D:13     | Noticed Maurice
 28661 | D:13     | Killed Maurice
 29247 | D:14     | Identified the +7 lajatang of True Grit {drain, SInv}
 29517 | D:14     | Found a gate to the Vaults.
 29518 | D:14     | Noticed Nessos
 29531 | D:14     | Noticed Rupert
 29597 | D:14     | Paralysed by Rupert for 6 turns
 29840 | D:13     | Killed Rupert
 30000 | D:14     | Reached skill level 12 in Fighting
 30662 | D:14     | Found a gate to the Vaults.
 30687 | D:14     | Killed Nessos
 30920 | D:15     | Entered Level 15 of the Dungeon
 31640 | D:15     | Found a staircase to the Depths.
 32641 | Elf:1    | Entered Level 1 of the Elven Halls
 32667 | Elf:1    | Found a radiant altar of Vehumet.
 32720 | Elf:1    | Reached XP level 16. HP: 126/129 MP: 14/16
 32855 | Elf:1    | Found a one-way gate to the infinite horrors of the Abyss.
 32968 | Elf:1    | Found a corrupted altar of Lugonu.
 34181 | Elf:2    | Noticed Azrael
 34204 | Elf:2    | Killed Azrael
 34626 | Elf:2    | Found a stormy altar of Qazlal.
 34809 | Elf:2    | Found a runed translucent gate.
 34809 | Elf:2    | Found a runed translucent gate.
 34844 | Elf:2    | Found a runed translucent gate.
 35245 | Elf:2    | Reached skill level 13 in Fighting
 36635 | Elf:3    | Entered Level 3 of the Elven Halls
 36677 | Elf:3    | Gained mutation: You have claws for hands. [demonic
                  | ancestry]
 36677 | Elf:3    | Reached XP level 17. HP: 104/137 MP: 14/17
 36787 | Elf:3    | Reached skill level 10 in Stealth
 37341 | Elf:3    | Identified the +8 trident "Zorgh" {freeze, rN+ Int+3 Dex+2}
 37348 | Elf:3    | Noticed a Brimstone Fiend
 37827 | Orc:2    | Bought a scorched chain mail for 313 gold pieces
 37827 | Orc:2    | Identified the +5 chain mail of Xeurphos {rF+ Dex+3} (You
                  | bought it in a shop on level 2 of the Orcish Mines)
 37827 | Orc:2    | Bought a fine plate armour for 924 gold pieces
 37827 | Orc:2    | Identified the +11 plate armour of the Nexus {*Slow rF+++
                  | Dex+4 Stlth+} (You bought it in a shop on level 2 of the
                  | Orcish Mines)
 37867 | Orc:2    | Bought the ring "Otem" {Str+6 Int-5 Dex+6} for 1149 gold
                  | pieces
 38026 | Elf:3    | Noticed a deep elf master archer
 38351 | Elf:3    | Killed a deep elf master archer
 38510 | Elf:3    | Noticed a deep elf master archer
 38517 | Elf:3    | Identified the +2 spear "Yzieth" {drain, rCorr Str+2
                  | Stlth+}
 38522 | Elf:3    | Killed a deep elf master archer
 38545 | Elf:3    | Identified the +2 spear "Qyg Xupn" {venom, Str+2}
 38583 | Elf:3    | Noticed a deep elf blademaster
 38608 | Elf:3    | Killed a deep elf blademaster
 38722 | Elf:3    | Cast into level 2 of the Abyss (a deep elf sorcerer)
 39011 | Abyss:2  | Noticed a bone dragon
 39134 | Elf:3    | Escaped the Abyss
 39385 | Elf:3    | Noticed a Brimstone Fiend
 39498 | Elf:3    | Identified the +2 ring mail "Zollock" {-Tele rF+++ Int+9}
 39500 | Elf:3    | Identified the amulet "Kaurixki" {Faith rElec rC+}
 39649 | Elf:3    | Got the Papyrus of Hurtful Stones
 39663 | Elf:3    | Identified the +0 ring mail "Yffuufol" {Str+3}
 39663 | Elf:3    | Noticed a deep elf blademaster
 39678 | Elf:3    | Killed a deep elf blademaster
 39848 | Elf:3    | Bought a pair of embroidered boots for 270 gold pieces
 39863 | Elf:3    | Bought a shimmering plate armour for 896 gold pieces
 39863 | Elf:3    | Identified the +1 plate armour of the Lute {rF+ SInv
                  | Stlth+} (You bought it in a shop on level 3 of the Elven
                  | Halls)
 39863 | Elf:3    | Bought a pair of embroidered boots for 240 gold pieces
 39863 | Elf:3    | Bought a pair of spiked boots for 304 gold pieces
 39863 | Elf:3    | Identified the +0 pair of boots of Shielding {SInv} (You
                  | bought it in a shop on level 3 of the Elven Halls)
 39870 | Elf:3    | Bought a glowing hat for 168 gold pieces
 39870 | Elf:3    | Bought an encrusted plate armour for 672 gold pieces
 39870 | Elf:3    | Identified the +0 plate armour of Inevitability {rN+ Int+4}
                  | (You bought it in a shop on level 3 of the Elven Halls)
 40127 | Swamp:1  | Entered Level 1 of the Swamp
 40187 | Swamp:1  | Identified a scroll of acquirement
 40217 | Swamp:1  | Acquired 726 gold pieces
 41627 | Swamp:2  | Reached skill level 14 in Fighting
 41913 | Swamp:2  | Identified the -1 helmet "Enekhof" {rElec}
 42539 | Swamp:3  | Reached XP level 18. HP: 146/146 MP: 16/18
 42640 | Swamp:3  | Noticed Mara
 42663 | Swamp:3  | Noticed flotson's illusion
 42914 | Swamp:3  | Noticed flotson's illusion
 43061 | Swamp:3  | Noticed flotson's illusion
 43469 | Swamp:3  | Noticed flotson's illusion
 43486 | Swamp:3  | HP: 4/146 [Mara (illusionary) (7)]
 43486 | Swamp:3  | Slain by Mara (illusionary)

Illustrated notes

Levels and vault maps discovered:
D:1:      onia_arrival_mini_maze, layout_rooms,
          hellmonk_ecumenical_altar_crossroads
D:2:      layout_basic, basic_altar
D:3:      layout_basic, hellmonk_ghost_happy_afterlife, uniq_natasha
D:4:      minmay_recursive_quarters, layout_basic,
          mainiacjoe_overflow_six_doors_small, serial_rivers,
          chequers_serial_rivers_micro_e, chequers_serial_rivers_large_b,
          chequers_serial_rivers_micro_d, chequers_serial_rivers_small_a,
          ebering_ghost_sewer_d, minmay_door_square
D:5:      layout_rooms, led_xom_imps, uniq_duvessa
D:6:      layout_rooms, mainiacjoe_overflow_small_starburst,
          mainiacjoe_overflow_alcove_2, serial_co_window_serial,
          co_window_paths_b, co_window_paths_b, co_window_corner_a,
          co_window_of_opportunity_a, co_window_of_opportunity_a,
          co_window_paths_b, co_window_paths_b, co_window_cross_4,
          co_window_broadway_c, co_window_of_opportunity_b, co_window_paths_c,
          co_window_2corner, co_window_of_opportunity_b,
          co_window_unsneaky_path_d, co_window_4corner_a, glass_columns_a,
          uniq_maggie
D:7:      layout_loops_ring, lemuel_crystal_altar, kennysheep_mini_moat,
          nemelex_diamond_rough_becter, minmay_temple_entry_mist,
          minmay_fountain_box
D:8:      layout_gridville, mainiacjoe_overflow_boulevard,
          mainiacjoe_overflow_surrounded_room, fedhas_altar_2,
          nicolae_ru_awakened_eye, serial_shops,
          nicolae_shop_competitors_out_of_business
D:9:      layout_loops_cross, elyvilon_altar_4, grunt_qazlal_sundering,
          serial_shops, nicolae_shop_hallway_stairs, enter_bailey_5
D:10:     nicolae_cairo_tiling_large_dashed, layout_basic, uniq_fannar
D:11:     layout_basic, due_lair_maze_entry_diamond, minmay_circle_x, uniq_urug,
          uniq_psyche
D:12:     layout_loops_ring
D:13:     layout_stronghold, gauntlet_entry_generic,
          portal_ice_cave_entry_pillars_2, skrybe_limestone_x, uniq_maurice
D:14:     cheibrodos_statue_roulette, layout_grid_maze, david_vaults_3,
          minmay_checkerbox
D:15:     gammafunk_depths_entry_grave, layout_basic, minmay_misc_feat_rugged,
          minivault_25_ag
Temple:   nicolae_temple_figure_zero
Lair:1:   beast_lair_carwin_large_1, layout_regular_city
Lair:2:   layout_gridlike, lemuel_fruit_tree, serial_bayou_shore_b
Lair:3:   minmay_lair_oklob_tunnel, layout_loops_ring, swamp_mist,
          maelrawn_ghost_gauntlet_escape, ldierk_geyser, fungi_pond_lemuel,
          minivault_11
Lair:4:   layout_roguey, nicolae_spider_entry_orb_guardian, nzn_sisyphean_effort
Lair:5:   layout_roguey, slime_altar_1, minmay_lair_drake_nest
Lair:6:   grunt_lair_end_beastmaster, layout_regular_city
Swamp:1:  layout_falls_marsh, nicolae_swamp_very_dense_foliage, swamp_pool1
Swamp:2:  layout_falls_marsh, nicolae_swamp_dense_foliage, swamp_pool5,
          hangedman_swamp_blocks
Swamp:3:  layout_falls_marsh, evilmike_swamp_ruin_house_5, uniq_mara,
          uniq_donald
Orc:1:    layout_diamond_mine, serial_shops, nicolae_square_shop, uniq_harold,
          uniq_erica
Orc:2:    st_orc_elflike, layout_caves, serial_shops, shop, basic_altar,
          uniq_saint_roka
Elf:1:    eino_elf_arrival_altar, layout_geoelf_diagonals, minivault_28,
          amcnicky_altar_lugonu_corruption
Elf:2:    nicolae_elf_blades_splatter_lattice [nicolae_blade_entry_pointy_end],
          layout_loops_cross, nicolae_elf_altarnating, uniq_azrael
Elf:3:    grunt_elf_hall_asides, layout_geoelf_grid, fountainhead

Skill      XL: |  1  2  3  4  5  6  7  8  9 10 11 12 13 14 15 16 17 |
---------------+----------------------------------------------------+-----
Throwing       | 2 3 4 6 7 8 9 10 11 12 | 12.2
Armour         | 1 2 3 4 5 6 7 8 9 10 11 12 | 12.8
Dodging        | 3 4 5 6 7 8 9 10 11 12 13 | 13.1
Axes           | 3 4 5 6 7 8 |  8.2
Fighting       | 3 4 5 6 7 8 9 10 11 12 13 14 | 14.1
Evocations     | 2 4 5 6 8 9 10 11 12 | 12.4
Short Blades   | 2 4 6 8 |  8.0
Stealth        | 3 5 6 8 9 11 | 11.1
Long Blades    | |  0.5

Action                   |  1- 3 |  4- 6 |  7- 9 | 10-12 | 13-15 | 16-18 || total
-------------------------+-------+-------+-------+-------+-------+-------++-------
Melee: Spear             |   103 |    71 |   296 |       |       |       ||   470
       Punch             |     2 |     2 |     6 |       |       |       ||    10
       Dagger            |       |   107 |       |       |       |       ||   107
       Unarmed           |       |    12 |       |       |       |       ||    12
       Dire flail        |       |       |    34 |       |       |       ||    34
       Whip              |       |       |    33 |    11 |       |       ||    44
       Demon trident     |       |       |       |   276 |       |       ||   276
       Pair of quick bla |       |       |       |   195 |  1556 |  1165 ||  2916
       Great sword       |       |       |       |       |       |    56 ||    56
 Fire: Hand crossbow     |       |       |    48 |       |       |       ||    48
Throw: Dart              |       |     7 |    12 |     3 |     4 |       ||    26
       Throwing net      |       |       |     2 |     3 |     1 |       ||     6
       Boomerang         |       |       |       |    13 |    12 |       ||    25
       Javelin           |       |       |       |     5 |    30 |    16 ||    51
Invok: Potion Petition   |       |       |       |       |     1 |       ||     1
       Call Merchant     |       |       |       |       |       |     3 ||     3
Evoke: Wand              |       |       |       |       |       |     2 ||     2
  Use: Potion            |       |       |     1 |     1 |     1 |     3 ||     6
       Scroll            |       |       |       |    15 |    13 |     4 ||    32
 Stab: Sleeping          |     1 |       |       |     2 |    27 |    26 ||    56
       Distracted        |       |       |     1 |     3 |     5 |    10 ||    19
       Held in net/web   |       |       |       |       |     4 |       ||     4
       Invisible         |       |       |       |       |     3 |       ||     3
       Confused          |       |       |       |       |       |     1 ||     1
Armor: Leather armour    |    19 |       |       |       |       |       ||    19
       Ring mail         |       |    39 |    61 |       |       |       ||   100
       Skin              |       |     4 |       |       |       |       ||     4
       Swamp dragon scal |       |       |    46 |    99 |   331 |    85 ||   561
       Plate armour      |       |       |       |       |       |   140 ||   140
Dodge: Dodged            |    37 |   107 |   251 |   292 |   663 |   429 ||  1779
       Repelled          |       |       |       |       |     8 |    26 ||    34
Block: Other             |       |       |       |       |       |    10 ||    10

Table legend: (Time is in decaauts)
 A = Elapsed time spent in this place.
 B = Non-inter-level travel time spent in this place.
 C = Inter-level travel time spent in this place.
 D = Time resting spent in this place.
 E = Time spent auto-exploring this place.
 F = Levels seen in this place.
 G = Mean time per level.
                   A        B        C        D        E       F      G
               +--------+--------+--------+--------+--------+-----+--------+
         Total |  41994 |  39519 |   2475 |   5335 |  26842 |  32 | 1312.3 |
       Dungeon |  19580 |  18222 |   1358 |   1552 |  13486 |  15 | 1305.3 |
        Temple |    132 |    119 |     13 |      0 |    110 |   1 |  132.0 |
          Lair |   8387 |   7958 |    429 |    555 |   6017 |   6 | 1397.8 |
         Swamp |   3302 |   3258 |     44 |    326 |   2359 |   3 | 1100.7 |
  Orcish Mines |   2974 |   2662 |    312 |    984 |   1090 |   2 | 1487.0 |
   Elven Halls |   6260 |   5943 |    317 |   1132 |   3541 |   3 | 2086.7 |
         Abyss |    379 |    379 |      0 |    224 |      0 |   1 |  379.0 |
      Gauntlet |    978 |    978 |      0 |    561 |    238 |   1 |  978.0 |
               +--------+--------+--------+--------+--------+-----+--------+

Top non-repeatable levels by time:
   Elf:2: 2405 daAuts
  Lair:3: 2266 daAuts
    D:11: 2037 daAuts
   Elf:3: 2034 daAuts
     D:4: 1930 daAuts
    D:14: 1903 daAuts
 Swamp:2: 1859 daAuts
   Elf:1: 1820 daAuts
   Orc:2: 1667 daAuts
  Lair:6: 1551 daAuts
     D:3: 1509 daAuts
     D:6: 1436 daAuts
  Lair:4: 1409 daAuts
     D:7: 1356 daAuts
     D:2: 1309 daAuts
